 Dungeon Sprint DCSS version 0.19.0-2-gae57169 (webtiles) character file.

8662 LORDOFBUTT the Shatterer (level 11, -8/216 HPs)
             Began as an Ogre Berserker on Nov 4, 2016.
             Was the Champion of Trog.
             Mangled by a lorocyproca (20 damage)
             ... in the Dungeon (Sprint I: "Red Sonja").
             The game lasted 00:05:24 (1790 turns).

LORDOFBUTT the Shatterer (Ogre Berserker)           Turns: 1790, Time: 00:05:25

Health: -8/216     AC:  2    Str: 29      XL:     11   Next: 34%
Magic:  0/11       EV: 14    Int:  6      God:    Trog [******]
Gold:   969        SH:  4    Dex:  7 (8)  Spells: 0 memorised, 10 levels left

rFire  . . .     SeeInvis .     c - +0 great mace (distort)
rCold  . . .     Gourm    .     b - +0 animal skin
rNeg   . . .     Faith    .     (shield currently unavailable)
rPois  .         Spirit   .     (helmet restricted)
rElec  .         Reflect  +     (no cloak)
rCorr  .         Harm     .     (gloves unavailable)
MR     ++...     Rnd*Rage +     (boots unavailable)
Stlth  .......... NoTele   +    m - +4 amulet of reflection
                                (no ring)
                                (no ring)

@: berserking, very quick
A: unfitting armour, hooves 1, berserk 1, clumsy 1, deformed body, deterioration
1, magic resistance 1, screaming 1, tough skin 1, weak 1
a: Berserk, Trog's Hand, Brothers in Arms, Burn Spellbooks, Renounce Religion


You were in the Dungeon.
You worshipped Trog.
Trog was exalted by your worship.
You were very hungry.

You visited 1 branch You collected 969 gold pieces.

Inventory:

Hand Weapons
 a - a +3 dire flail of crushing
 c - a +0 great mace of distortion (weapon)
Armour
 b - a +0 animal skin (worn)
Jewellery
 m - a +4 amulet of reflection (around neck)
Wands
 n - a wand of polymorph (12/24)
Scrolls
 i - 2 scrolls of blinking
 k - a scroll of immolation {unknown}
 l - a scroll of amnesia {unknown}
 o - a scroll of identify {unknown}
Potions
 d - 4 potions of curing
 e - a potion of heal wounds
 f - a potion of haste
 g - 2 potions of magic
 h - a potion of berserk rage


   Skills:
 + Level 19.0 Fighting
 + Level 21.5 Maces & Flails
 + Level 12.0 Dodging
 + Level 3.2 Stealth


You had 10 spell levels left.
You didn't know any spells.

Dungeon Overview and Level Annotations

Branches:
Dungeon (1/1)

Altars:
Cheibriados
Dithmenos
Elyvilon
Fedhas
Gozag
Hepliaklqana
Kikubaaqudgha
Makhleb
Nemelex Xobeh
Okawaru
Qazlal
Ru
Sif Muna
Trog
Uskayaw
Vehumet
Xom
Yredelemnul
Zin
The Shining One
Jiyva
Lugonu

Shops:
D **(*!([


Innate Abilities, Weirdness & Mutations

You are too large for most types of armour.
You have tough skin. (AC +1)
You have large cloven feet.
You tend to lose your temper in combat.
You are clumsy. (Dex -2)
Armour fits poorly on your strangely shaped body.
Your body sometimes deteriorates upon taking damage.
You are resistant to hostile enchantments. (MR+)
You occasionally shout uncontrollably at your foes.
You are weak. (Str -2)


Message History

Your body deteriorates!
You feel clumsy.
There is an open door here.
You see here 18 gold pieces.
You miss something. Something hits you!
A red film seems to cover your vision as you go berserk!
You feel yourself moving faster!
You feel mighty!
You are feeling very hungry.
Something hits you!!
* * * LOW HITPOINT WARNING * * *
You barely miss something. You kick something. You barely miss something.
You kick something! Something hits you.
* * * LOW HITPOINT WARNING * * *
You closely miss something. Your kick misses something. You sock something!
Space warps horribly around something!
Your kick misses something. Something hits you!!!
* * * LOW HITPOINT WARNING * * *
You feel your power leaking away.
You barely miss something. You miss something. You kick something.
Something hits you!!
You die...

###########
#__#..')..#
'..'..#...##+# ###
#__####...†..# #@###
####(.#####.§+ #{#$###
#§§§.§#§.##§####..$#y#
§≈§(§§'§†#§^§^.#..$###
#(§≈§§#..#§...§+..$$$#
##'#####+###...#.....#
#.§§.### #...###++##
##'###.## #.^##
.....'.∩# #..#


There were no monsters in sight!

Vanquished Creatures
  2 centaur warriors (D)
  Sonja (D)
  A deep troll (D)
  8 shining eyes (D)
  A gargoyle (D)
  2 kobold demonologists (D)
  4 demonic crawlers (D)
  A slime creature (D)
  A hornet (D)
  A yak (D)
  Sigmund (D)
  5 floating eyes (D)
  An ogre (D)
  A jelly (D)
  Ijyb (D)
  3 ballistomycetes (D)
34 creatures vanquished.

Vanquished Creatures (others)
  A gargoyle (D)
  2 ballistomycete spores (D)
3 creatures vanquished.

Grand Total: 37 creatures vanquished

Notes
Turn   | Place    | Note
-------+----------+-------------------------------------------
     0 | D        | LORDOFBUTT the Ogre Berserker began the quest for the Orb.
     0 | D        | Reached XP level 1. HP: 24/24 MP: 1/1
     1 | D        | Noticed Ijyb
    10 | D        | Killed Ijyb
    10 | D        | Reached skill level 5 in Fighting
    10 | D        | Reached skill level 6 in Maces & Flails
    10 | D        | Reached XP level 2. HP: 36/36 MP: 2/2
    10 | D        | Reached XP level 3. HP: 44/44 MP: 3/3
    46 | D        | Noticed an ogre
    53 | D        | Killed an ogre
    53 | D        | Reached skill level 8 in Maces & Flails
    53 | D        | Reached skill level 5 in Dodging
    53 | D        | Reached XP level 4. HP: 56/57 MP: 4/4
   144 | D        | Noticed Sigmund
   148 | D        | Killed Sigmund
   148 | D        | Reached ** piety under Trog
   148 | D        | Reached skill level 10 in Fighting
   148 | D        | Reached skill level 10 in Maces & Flails
   148 | D        | Reached XP level 5. HP: 57/68 MP: 5/5
   148 | D        | Reached XP level 6. HP: 66/78 MP: 6/6
   171 | D        | Found a deep blue altar of Sif Muna.
   173 | D        | Found a radiant altar of Vehumet.
   175 | D        | Reached skill level 11 in Maces & Flails
   181 | D        | Found a viscous altar of Jiyva.
   181 | D        | Found a corrupted altar of Lugonu.
   181 | D        | Noticed a slime creature
   182 | D        | Found a burning altar of Makhleb.
   182 | D        | Found a shimmering altar of Xom.
   189 | D        | Killed a slime creature
   189 | D        | Reached skill level 12 in Maces & Flails
   189 | D        | Reached XP level 7. HP: 30/88 MP: 7/7
   480 | D        | Found Beffir Penu's General Store.
   480 | D        | Found an ancient bone altar of Kikubaaqudgha.
   480 | D        | Found a hazy altar of Hepliaklqana.
   480 | D        | Found a stormy altar of Qazlal.
   480 | D        | Found a hide-covered altar of Uskayaw.
   480 | D        | Found a blossoming altar of Fedhas.
   480 | D        | Found a bloodstained altar of Trog.
   480 | D        | Found an iron altar of Okawaru.
   480 | D        | Found a basalt altar of Yredelemnul.
   480 | D        | Found a glowing golden altar of the Shining One.
   480 | D        | Found a snail-covered altar of Cheibriados.
   480 | D        | Found a sacrificial altar of Ru.
   480 | D        | Found a glowing silver altar of Zin.
   480 | D        | Found a shadowy altar of Dithmenos.
   480 | D        | Found a white marble altar of Elyvilon.
   480 | D        | Noticed a yak
   483 | D        | Killed a yak
   483 | D        | Reached *** piety under Trog
   483 | D        | Reached skill level 13 in Maces & Flails
   484 | D        | Found an opulent altar of Gozag.
   485 | D        | Found a sparkling altar of Nemelex Xobeh.
   510 | D        | Noticed a centaur warrior
   516 | D        | Noticed Sonja
   522 | D        | Killed Sonja
   522 | D        | Reached skill level 14 in Maces & Flails
   522 | D        | Reached XP level 8. HP: 82/102 MP: 8/8
   738 | D        | Noticed a centaur warrior
   744 | D        | Killed a centaur warrior
   744 | D        | Reached skill level 16 in Maces & Flails
   744 | D        | Reached skill level 10 in Dodging
   744 | D        | Reached XP level 9. HP: 14/114 MP: 9/9
   752 | D        | Killed a centaur warrior
   752 | D        | Reached **** piety under Trog
   752 | D        | Reached skill level 15 in Fighting
   752 | D        | Reached skill level 17 in Maces & Flails
  1093 | D        | Noticed a deep troll
  1098 | D        | Killed a deep troll
  1148 | D        | Found Milec's Armour Emporium.
  1254 | D        | Found Kaositaf's Assorted Antiques.
  1264 | D        | Noticed a shining eye
  1264 | D        | Noticed a shining eye
  1264 | D        | Noticed a shining eye
  1264 | D        | Noticed a shining eye
  1264 | D        | Noticed a shining eye
  1264 | D        | Noticed a shining eye
  1268 | D        | Gained mutation: You are clumsy. (Dex -2) [a shining eye]
  1269 | D        | Paralysed by a floating eye for 4 turns
  1271 | D        | Gained mutation: You are weak. (Str -2) [a shining eye]
  1276 | D        | Killed a shining eye
  1276 | D        | Reached skill level 18 in Maces & Flails
  1276 | D        | Reached XP level 10. HP: 127/127 MP: 10/10
  1278 | D        | Killed a shining eye
  1278 | D        | Reached skill level 1 in Stealth
  1280 | D        | Gained mutation: Armour fits poorly on your strangely shaped body. [a shining eye]
  1282 | D        | Killed a shining eye
  1283 | D        | Gained mutation: You are resistant to hostile enchantments. (MR+) [a shining eye]
  1283 | D        | Paralysed by a floating eye for 4 turns
  1286 | D        | Gained mutation: You have large cloven feet. [a shining eye]
  1288 | D        | Killed a shining eye
  1288 | D        | Reached ***** piety under Trog
  1288 | D        | Reached skill level 19 in Maces & Flails
  1289 | D        | Gained mutation: Your body sometimes deteriorates upon taking damage. [a shining eye]
  1292 | D        | Killed a shining eye
  1293 | D        | Paralysed by a floating eye for 2 turns
  1296 | D        | Killed a shining eye
  1296 | D        | Received a gift from Trog
  1298 | D        | Paralysed by a floating eye for 2 turns
  1301 | D        | Reached skill level 20 in Maces & Flails
  1319 | D        | Noticed a shining eye
  1319 | D        | Noticed a shining eye
  1320 | D        | Gained mutation: You occasionally shout uncontrollably at your foes. [a shining eye]
  1326 | D        | Killed a shining eye
  1327 | D        | Gained mutation: You tend to lose your temper in combat. [a shining eye]
  1331 | D        | Killed a shining eye
  1331 | D        | Reached XP level 11. HP: 141/141 MP: 11/11
  1361 | D        | Found Daphab's Distillery.
  1361 | D        | Found Leegg's Assorted Antiques.
  1361 | D        | Found Ylasic's Weapon Boutique.
  1361 | D        | Found Bapedudo's Antique Weapon Emporium.
  1475 | D        | Reached skill level 21 in Maces & Flails
  1582 | D        | Reached ****** piety under Trog
  1650 | D        | Received a gift from Trog
  1790 | D        | Mangled by a lorocyproca

Skill      XL: |  1  2  3  4  5  6  7  8  9 10 11 |
---------------+----------------------------------+-----
Fighting       | 5 8 10 11 13 14 16 18 19 | 19.0
Maces & Flails | 6 8 10 12 14 16 18 20 21 | 21.5
Dodging        | 4 5 6 7 9 10 11 12 | 12.0
Stealth        | 2 3 |  3.2

Action                   |  1- 3 |  4- 6 |  7- 9 | 10-12 || total
-------------------------+-------+-------+-------+-------++-------
Melee: Mace              |    12 |       |       |       ||    12
       Giant club        |       |    10 |    35 |    26 ||    71
       Kick              |       |       |       |    22 ||    22
       Great mace        |       |       |       |    33 ||    33
Invok: Berserk           |     2 |     1 |     3 |     2 ||     8
 Stab: Sleeping          |       |       |       |     1 ||     1
  Eat: Chunk             |       |       |     3 |       ||     3
       Beef jerky        |       |       |     1 |       ||     1
       Bread ration      |       |       |     1 |       ||     1
Armor: Animal skin       |       |       |     4 |     2 ||     6
Dodge: Dodged            |     6 |     2 |    18 |     8 ||    34
Block: Other             |       |       |     2 |     1 ||     3
